 Dungeon Sprint DCSS version 0.20.1-1-g8b1a95d (webtiles) character file.

3775 potatolord6000 the Summoner (level 10, -5/92 HPs)
             Began as a Barachi Summoner on Aug 29, 2017.
             Was a High Priest of Sif Muna.
             Killed by static electricity
             ... invoked by an insubstantial wisp
              (8 damage)
             ... in the Dungeon (Sprint V: "Ziggurat Sprint") on Aug 30, 2017.
             The game lasted 00:15:06 (1310 turns).

potatolord6000 the Summoner (Barachi Summoner)      Turns: 1310, Time: 00:15:07

Health: -5/92      AC: 10    Str: 14    XL:     10   Next: 16%
Magic:  8/31       EV: 27    Int: 41    God:    Sif Muna [*****.]
Gold:   0          SH:  0    Dex: 19    Spells: 15/31 levels left

rFire    + . .     SeeInvis +   j - +6 Majin-Bo {vamp, Archmagi MP+6 Int+6}
rCold    . . .     Gourm    .   (shield currently unavailable)
rNeg     . . .     Faith    .   C - +1 leather armour of the Raven {rF+ SInv}
rPois    +         Spirit   .   (no helmet)
rElec    .         Reflect  .   (no cloak)
rCorr    .         Harm     .   y - +0 pair of gloves of Boredom {Dex+3} (curse)
MR       .....     NoTele   +   z - +4 pair of boots of the Dungeon {rPois Int+4 Dex-2 SInv}
Stlth    +++.......             (no amulet)
Regen    0.3/turn               l - +6 ring of intelligence
MPRegen  0.3/turn               m - +6 ring of intelligence

@: mighty, agile, hasted, studying Fighting, very quick
A: +LOS, swims, slowness 1, strong legs 1
a: Hop, Divine Energy, Channel Magic, Forget Spell, Renounce Religion


You were in the Dungeon.
You worshipped Sif Muna.
Sif Muna was extremely pleased with you.
You were completely stuffed.

You visited 1 branch

Inventory:

Hand Weapons
 j - the +6 Majin-Bo (weapon) {vamp, Archmagi MP+6 Int+6}
   (You found it in the Dungeon)

   It inflicts no extra harm, but heals its wielder when it wounds a living foe.
   It affects your intelligence (+6).
   It affects your magic capacity (+6).
Armour
 y - the cursed +0 pair of gloves of Boredom (worn) {Dex+3}
   (You found it in the Dungeon)

   It affects your dexterity (+3).
   It has a curse placed upon it.
 z - the +4 pair of boots of the Dungeon (worn) {rPois Int+4 Dex-2 SInv}
   (You found it in the Dungeon)

   It affects your intelligence (+4).
   It affects your dexterity (-2).
   It protects you from poison.
   It lets you see invisible.
 C - the +1 leather armour of the Raven (worn) {rF+ SInv}
   (You found it in the Dungeon)

   It protects you from fire.
   It lets you see invisible.
Jewellery
 l - a +6 ring of intelligence (left hand)
 m - a +6 ring of intelligence (right hand)
Scrolls
 i - 4 scrolls of blinking
 o - 4 scrolls of amnesia
 p - 3 scrolls of recharging
 q - 7 scrolls of fog
 r - a scroll of holy word
 s - 5 scrolls of identify
 t - 5 scrolls of remove curse
 u - 2 scrolls of fear
 D - a scroll of brand weapon
Potions
 d - 9 potions of curing
 f - 4 potions of haste
 g - 6 potions of magic
 h - 3 potions of berserk rage
 v - a potion of brilliance
 x - 4 potions of resistance
 A - 3 potions of agility
 B - 3 potions of might
Books
 b - a book of Callings

   Spells                             Type                      Level
   a - Summon Small Mammal            Summoning                    1
   b - Call Imp                       Summoning                    2
   c - Call Canine Familiar           Summoning                    3
   d - Summon Guardian Golem          Hexes/Summoning              3
   e - Summon Lightning Spire         Summoning/Air                4
   f - Summon Ice Beast               Ice/Summoning                4
 w - Sif Muna's Almanac of Attacks
   (Sif Muna gifted it to you in the Dungeon)

   Spells                             Type                      Level
   a - Fireball                       Conjuration/Fire             5
   b - Bolt of Draining               Conjuration/Necromancy       5
   c - Iron Shot                      Conjuration/Earth            6
   d - Conjure Ball Lightning         Conjuration/Air              6
 E - a manual of Fighting
Comestibles
 c - 42 fruits
 k - 4 bread rations
 n - 2 meat rations


   Skills:
 + Level 13.6 Fighting
 + Level 12.3 Dodging
 - Level 1.7 Stealth
 + Level 11.4 Spellcasting
 + Level 4.8 Conjurations
 + Level 13.8 Summonings
 + Level 4.6 Fire Magic


You had 15 spell levels left.
You knew the following spells:

 Your Spells              Type           Power        Failure   Level  Hunger
a - Summon Small Mammal   Summ           ####         0%          1    None
b - Call Canine Familiar  Summ           ########     1%          3    None
c - Summon Guardian Gole  Hex/Summ       #######.     1%          3    None
d - Summon Ice Beast      Ice/Summ       #######.     1%          4    None
e - Fireball              Conj/Fire      #######...   7%          5    None


Dungeon Overview and Level Annotations

Branches:
Dungeon (1/1)

Altars:
Ashenzari
Cheibriados
Dithmenos
Elyvilon
Fedhas
Gozag
Hepliaklqana
Kikubaaqudgha
Makhleb
Nemelex Xobeh
Okawaru
Qazlal
Ru
Sif Muna
Trog
Uskayaw
Vehumet
Xom
Yredelemnul
Zin
The Shining One
Beogh
Jiyva
Lugonu

Annotations:
D 1 transporter


Innate Abilities, Weirdness & Mutations

Shadows flee at your approach. (+LOS)
You can swim through water.
You cover ground slowly.
You can hop short distances.


Message History

The insubstantial wisp closely misses you.
The insubstantial wisp misses you.
Your ice beast misses the insubstantial wisp.
Your ice beast barely misses the insubstantial wisp.
Your warg misses the air elemental.
The insubstantial wisp closely misses your ice beast.
Unknown command.
Unknown command.
Unknown command.
You thump the air elemental!
The air elemental is heavily damaged.
You are ready to hop once more.
The air elemental misses you. x2
The insubstantial wisp hits your ice beast!
The insubstantial wisp hits you.
* * * LOW HITPOINT WARNING * * *
The insubstantial wisp thrums sharply.
Your ice beast is struck by lightning.
The lightning grounds out.
You are struck by lightning.
You die...

▓....:....▓.)|(...
▓▓▓▓▓▓▓▓▓▓▓▓▓▓▓▓▓▓
▓...8©8...▓..8©8..
▓..:%=}}..▓..).[..
▓...|)|...▓...):..
▓v........▓.......
▓Y........▓.......
▓vvYv.....▓.......
▓@Eh......▓.......
▓.▓.....▓.▓.▓...▓.
▓.........▓.......
▓▓▓▓▓▓▓▓▓▓▓▓▓▓▓▓▓▓


You could see an air elemental, 4 insubstantial wisps, a friendly warg and 2
friendly ice beasts.

Vanquished Creatures
  A wind drake (D)
  A black bear (D)
  A wolf (D)
3 creatures vanquished.

Vanquished Creatures (collateral kills)
  A dancing weapon (D)
  A thrashing horror (D)
  A deep elf archer (D)
  3 deep elf magi (D)
  2 ugly things (D)
  2 shining eyes (D)
  A spiny frog (shapeshifter) (D)
  A yaktaur (D)
  A wind drake (D)
  A hippogriff (shapeshifter) (D)
  3 air elementals (D)
  A large abomination (D)
  A neqoxec (D)
  A black bear (shapeshifter) (D)
  A phantom (D)
  5 necrophages (D)
  A small abomination (D)
  2 centaurs (D)
  An earth elemental (D)
  A wight (D)
  A quasit (D)
  An iron imp (D)
  A shadow imp (D)
  A bat skeleton (D)
  A ball python zombie (D)
36 creatures vanquished.

Vanquished Creatures (others)
  A deep elf archer (D)
1 creature vanquished.

Grand Total: 40 creatures vanquished

Notes
Turn   | Place    | Note
-------+----------+-------------------------------------------
     0 | D        | potatolord6000 the Barachi Summoner began the quest for the Orb.
     0 | D        | Reached XP level 1. HP: 13/13 MP: 3/3
     0 | D        | Found a transporter.
     0 | D        | Found a viscous altar of Jiyva.
     0 | D        | Found an ancient bone altar of Kikubaaqudgha.
     0 | D        | Found a hazy altar of Hepliaklqana.
     0 | D        | Found a corrupted altar of Lugonu.
     0 | D        | Found an opulent altar of Gozag.
     0 | D        | Found a burning altar of Makhleb.
    89 | D        | Became a worshipper of Sif Muna the Loreminder
    95 | D        | Reached XP level 2. HP: 25/25 MP: 7/7
   123 | D        | Entered arena 2.
   123 | D        | Noticed a black bear
   123 | D        | Noticed a wolf
   123 | D        | Found a transporter.
   133 | D        | Killed a black bear
   133 | D        | Reached * piety under Sif Muna
   133 | D        | Reached skill level 5 in Fighting
   133 | D        | Reached skill level 5 in Dodging
   133 | D        | Reached skill level 5 in Spellcasting
   133 | D        | Reached XP level 3. HP: 22/33 MP: 9/9
   133 | D        | Reached XP level 4. HP: 27/39 MP: 11/11
   140 | D        | Killed a wolf
   140 | D        | Reached XP level 5. HP: 47/47 MP: 13/13
   145 | D        | Got the ring "Ammeupt" {rElec rPois rN+ MR+}
   151 | D        | Learned a level 3 spell: Call Canine Familiar
   155 | D        | Learned a level 3 spell: Summon Guardian Golem
   160 | D        | Learned a level 4 spell: Summon Ice Beast
   174 | D        | Entered arena 3.
   174 | D        | Noticed a centaur
   174 | D        | Noticed a centaur
   174 | D        | Noticed a yaktaur
   174 | D        | Found a transporter.
   182 | D        | Killed a centaur
   182 | D        | Reached ** piety under Sif Muna
   187 | D        | Killed a yaktaur
   187 | D        | Reached XP level 6. HP: 38/55 MP: 4/15
   198 | D        | Got the cursed +0 pair of gloves of Boredom {Dex+3}
   205 | D        | Identified Docafeydd's Collected Works on the Entourage and Changing (You found it in the Dungeon)
   292 | D        | Entered arena 4.
   292 | D        | Noticed a phantom
   292 | D        | Noticed a necrophage
   292 | D        | Noticed a necrophage
   292 | D        | Found a transporter.
   295 | D        | Killed a necrophage
   299 | D        | Killed a necrophage
   299 | D        | Reached *** piety under Sif Muna
   305 | D        | Killed a phantom
   305 | D        | Reached skill level 10 in Summonings
   306 | D        | Reached XP level 7. HP: 41/63 MP: 8/18
   419 | D        | Entered arena 5.
   419 | D        | Noticed an air elemental
   419 | D        | Noticed a deep elf mage
   419 | D        | Noticed an air elemental
   419 | D        | Found a transporter.
   422 | D        | Killed an air elemental
   423 | D        | Killed an air elemental
   423 | D        | Reached **** piety under Sif Muna
   428 | D        | Killed a deep elf mage
   428 | D        | Reached skill level 10 in Fighting
   452 | D        | Reached XP level 8. HP: 35/72 MP: 4/21
   457 | D        | Identified Hozymusk's Almanac of Conjuration (You found it in the Dungeon)
   627 | D        | Entered arena 6.
   627 | D        | Found a transporter.
   642 | D        | Got the +4 pair of boots of the Dungeon {rPois Int+4 Dex-2 SInv}
   650 | D        | Got the amulet "Kionton" {Inacc rC+ rN+}
   660 | D        | Got the +1 leather armour of the Raven {rF+ SInv}
   780 | D        | Entered arena 7.
   780 | D        | Noticed a spiny frog
   780 | D        | Noticed a deep elf mage
   780 | D        | Noticed a deep elf mage
   780 | D        | Noticed a scimitar of slicing
   780 | D        | Noticed a deep elf archer
   780 | D        | Noticed a deep elf archer
   780 | D        | Found a transporter.
   781 | D        | Identified the +9 quick blade of the Reaper {freeze, rF++ rC+ Dex-3}
   784 | D        | Killed a deep elf mage
   784 | D        | Reached ***** piety under Sif Muna
   784 | D        | Identified Sif Muna's Almanac of Attacks (Sif Muna gifted it to you in the Dungeon)
   784 | D        | Received a gift from Sif Muna
   784 | D        | Reached skill level 10 in Dodging
   788 | D        | Killed a deep elf mage
   799 | D        | Killed a deep elf archer
   799 | D        | Reached skill level 10 in Spellcasting
   809 | D        | Killed a spiny frog
   815 | D        | Killed a deep elf archer
   815 | D        | Reached XP level 9. HP: 60/82 MP: 10/23
   817 | D        | Killed a scimitar of slicing
   830 | D        | Learned a level 5 spell: Fireball
   914 | D        | Entered arena 8.
   914 | D        | Noticed a thrashing horror
   914 | D        | Found a transporter.
   927 | D        | Killed a thrashing horror
   927 | D        | Reached skill level 1 in Conjurations
   927 | D        | Reached skill level 1 in Fire Magic
  1078 | D        | Entered arena 9.
  1078 | D        | Noticed a shining eye
  1078 | D        | Noticed a brown ugly thing
  1078 | D        | Noticed a shining eye
  1078 | D        | Noticed a brown ugly thing
  1078 | D        | Found a transporter.
  1083 | D        | Identified Sif Muna's Disquisition on Conjuration (Sif Muna gifted it to you in the Dungeon)
  1083 | D        | Received a gift from Sif Muna
  1088 | D        | Killed a shining eye
  1088 | D        | Killed a cyan ugly thing
  1091 | D        | Killed a brown ugly thing
  1091 | D        | Reached XP level 10. HP: 42/92 MP: 5/25
  1093 | D        | Killed a shining eye
  1097 | D        | Got the cursed ring of Ocewidug {+Inv rC++ rN+ EV-3}
  1100 | D        | Got the ring "Xanin" {+Fly rElec MR+ Stlth+}
  1108 | D        | Got the ring of Uleppeco {+Fly rC- Str+5 Int+3}
  1288 | D        | Entered arena 10.
  1288 | D        | Found a transporter.
  1310 | D        | HP: 3/92 [insubstantial wisp (2)]
  1310 | D        | Killed from afar by an insubstantial wisp

Skill      XL: |  1  2  3  4  5  6  7  8  9 |
---------------+----------------------------+-----
Fighting       | 4 5 6 7 8 10 11 13 | 13.6
Dodging        | 4 5 6 7 8 9 11 12 | 12.3
Spellcasting   | 4 5 6 7 9 10 11 | 11.4
Summonings     | 6 7 8 9 10 11 12 13 | 13.8
Conjurations   | 4 |  4.8
Fire Magic     | 4 |  4.6
Stealth        | |  1.7

Action                   |  1- 3 |  4- 6 |  7- 9 | 10-12 || total
-------------------------+-------+-------+-------+-------++-------
Melee: Quarterstaff      |     4 |     9 |     5 |     8 ||    26
 Cast: Summon Small Mamm |     4 |       |       |       ||     4
       Summon Ice Beast  |       |     6 |    26 |     4 ||    36
       Call Canine Famil |       |     2 |     9 |     1 ||    12
       Summon Guardian G |       |     2 |     9 |     1 ||    12
       Fireball          |       |       |     1 |     1 ||     2
 Abil: Hop               |       |       |     4 |     1 ||     5
  Use: Potion            |     6 |     2 |     8 |     6 ||    22
  Eat: Bread ration      |     1 |       |       |       ||     1
       Meat ration       |       |       |     2 |       ||     2
Armor: Robe              |     2 |     1 |     1 |       ||     4
       Leather armour    |       |       |     8 |     9 ||    17
Dodge: Dodged            |    17 |    17 |    30 |    53 ||   117
